 Dungeon Crawl Stone Soup version 0.17-a0-1830-g81820eb (webtiles) character file.

96 luca467 the Skirmisher (level 4, 5/33 HPs)
             Began as an Octopode Fighter on Sept 13, 2015.
             Quit the game on level 3 of the Dungeon.
             The game lasted 00:07:01 (1837 turns).

luca467 the Skirmisher (Octopode Fighter)           Turns: 1837, Time: 00:07:01

Health: 5/33       AC:  1    Str: 15    XL:     4   Next: 67%
Magic:  4/4        EV: 10    Int: 10    God:
Gold:   176        SH:  8    Dex: 12    Spells: 0 memorised, 3 levels left

rFire  . . .     SeeInvis .     a - +0 rapier
rCold  . . .     Clarity  .     b - +0 shield
rNeg   . . .     SustAt   .     (helmet restricted)
rPois  .         Gourm    .     (no amulet)
rElec  .         Spirit   .     (no ring)
rCorr  .         Warding  .     (no ring)
rMut   .         Stasis   .     (no ring)
MR     .....                    (no ring)
Stlth  +++.......               (no ring)
                                (no ring)
                                (no ring)
                                (no ring)

@: lethally poisoned (5 -> -26), not resistant to hostile enchantments, fairly
stealthy
A: almost no armour, amphibious, 8 rings, constrict 8, camouflage 1, gelatinous
body 1
a: no special abilities


You were on level 3 of the Dungeon.
You were not hungry.

You visited 1 branch of the dungeon, and saw 3 of its levels.

You collected 176 gold pieces.

Inventory:

Hand weapons
 a - a +0 rapier (weapon)
Armour
 b - a +0 shield (worn)
Scrolls
 h - 2 scrolls of remove curse
Potions
 c - 3 potions of might
 i - a potion of agility
 l - a potion of brilliance {unknown}
Books
 e - a book of Summonings

   Spells                             Type                      Level
   a - Recall                         Summoning/Translocation      3
   b - Aura of Abjuration             Summoning                    5
   c - Shadow Creatures               Summoning                    5
   d - Summon Demon                   Summoning                    5
   e - Summon Forest                  Summoning/Translocation      5
   f - Summon Mana Viper              Hexes/Summoning              5
Comestibles
 d - a bread ration
 f - 7 fruits
 g - a royal jelly
 j - a slice of pizza
 k - a meat ration


   Skills:
 * Level 4.0 Fighting
 * Level 3.4 Short Blades
 - Level 3.0 Dodging
 + Level 2.0 Stealth
 - Level 3.0 Shields


You had 3 spell levels left.
You didn't know any spells.

Dungeon Overview and Level Annotations

Branches:
Dungeon (3/15)

Altars:
Ashenzari
Kikubaaqudgha
Ru

Annotations:
D:3 luca467's ghost, average OpFi


Innate Abilities, Weirdness & Mutations

You cannot wear most types of armour.
You are amphibious.
You can wear up to eight rings at the same time.
You can use your tentacles to constrict eight enemies at once.
Your skin changes colour to match your surroundings (Stealth).
Your rubbery body absorbs attacks (AC +1).


Message History

You feel sick. You block luca467's ghost's attack.
You hit luca467's ghost. Your squeeze misses luca467's ghost.
Luca467's ghost is moderately damaged.
You feel sick.
Luca467's ghost hits you but does no damage.
You are lethally poisoned!
You hit luca467's ghost.
Luca467's ghost is heavily damaged.
You feel sick. Luca467's ghost barely misses you.
You completely miss luca467's ghost.
Luca467's ghost is heavily damaged.
* * * LOW HITPOINT WARNING * * *
You feel sick. Luca467's ghost hits you.
* * * LOW HITPOINT WARNING * * *
You are more poisoned.
Luca467's ghost hits you.
* * * LOW HITPOINT WARNING * * *
You are more poisoned.
Unknown command.
Are you sure you want to abandon this character and quit the game? (Confirm with "yes".)

## ###### ##.#
##..... #...
##...... #...
#.......
#...##
#.......
#....##
#...[...
#..$@.#
#......)
#..W#.##
#.......
#....#..#
#....†..
#.#.###.#
##...... #. ##
#.# #....... #
#.###
###.###.##
#...###...#
#..#
###.....###
....
####.......##.


You could see luca467's ghost.

Vanquished Creatures
  A worker ant (D:3)
  2 adders (D:2)
  2 oozes (D:2)
  3 giant geckos
  7 bats
  11 hobgoblins
  3 giant newts (D:2)
  5 goblins
  6 kobolds
  3 quokkas (D:3)
  4 rats
47 creatures vanquished.

Notes
Turn   | Place    | Note
--------------------------------------------------------------
     0 | D:1      | luca467 the Octopode Fighter began the quest for the Orb.
     0 | D:1      | Reached XP level 1. HP: 16/16 MP: 1/1
   170 | D:1      | Reached XP level 2. HP: 18/21 MP: 2/2
   885 | D:2      | Reached XP level 3. HP: 24/26 MP: 3/3
   889 | D:2      | Reached skill level 1 in Stealth
  1179 | D:2      | Found an ancient bone altar of Kikubaaqudgha.
  1322 | D:2      | Found a shattered altar of Ashenzari.
  1462 | D:2      | Found a sacrificial altar of Ru.
  1532 | D:2      | Reached XP level 4. HP: 29/33 MP: 4/4
  1766 | D:3      | Reached skill level 4 in Fighting
  1830 | D:3      | Noticed luca467's ghost (average OpFi)
  1837 | D:3      | Quit the game

Vault maps used:
D:1:      co_arrival_square_in_a_square_in_a_square
D:2:      lemuel_crystal_altar, lemuel_doored_altar,
          nicolae_overflow_crystal_walls

Action                   |  1- 3 |  4- 6 || total
-------------------------+-------+-------++-------
Melee: Rapier            |    66 |    30 ||    96
  Use: Scroll            |     3 |     3 ||     6
 Stab: Sleeping          |     7 |     2 ||     9
       Distracted        |     1 |       ||     1
  Eat: Chunk             |     2 |     1 ||     3
